 Dungeon Crawl Stone Soup version 0.28-a0-863-g8cecda6153 (webtiles) character file.

Game seed: 10699308222392656911

47938 ders the Earth Mage (level 14, -9/75 HPs)
             Began as a Gargoyle Earth Elementalist on Nov 19, 2021.
             Was a High Priest of Vehumet.
             Killed from afar by a rime drake (33 damage)
             ... with a flash freeze
             ... on level 6 of the Lair of Beasts.
             The game lasted 00:38:01 (20267 turns).

ders the Earth Mage (Gargoyle Earth Elementalist)  Turns: 20267, Time: 00:38:02

Health: -9/75      AC: 18    Str: 18    XL:     14   Next: 44%
Magic:  23/31      EV: 11    Int: 30    God:    Vehumet [*****.]
Gold:   1090       SH:  0    Dex: 10    Spells: 15/39 levels left

rFire   . . .      SeeInvis .   x - +2 long sword of the Dozen Things {flame, Will+}
rCold   . . .      Faith    .   (no shield)
rNeg    + . .      Spirit   .   e - +0 troll leather armour {Pargi}
rPois   ∞          Reflect  .   L - +0 helmet {Int+3}
rElec   +          Harm     .   (no cloak)
rCorr   .          Rampage  .   (no gloves)
Will    ++...                   P - +0 pair of boots
Stlth   ++........              J - amulet of magic regeneration
HPRegen 1.22/turn               n - +6 ring of intelligence
MPRegen 0.47/turn               c - +6 ring of strength

@: sluggish, flying, studying Throwing, very slow
A: sickness immunity, AC +10, big wings, negative energy resistance 1,
electricity resistance, torment resistance 1, petrification resistance
a: Renounce Religion


You were on level 6 of the Lair of Beasts.
You worshipped Vehumet.
Vehumet was extremely pleased with you.
You visited 3 branches of the dungeon, and saw 18 of its levels.
You also visited: Sewer.

You collected 1090 gold pieces.

Inventory:

Hand Weapons
 i - a +3 short sword of speed
 x - the +2 long sword of the Dozen Things (weapon) {flame, Will+}
   (You found it on level 5 of the Dungeon)

   It burns those it strikes, dealing additional fire damage.
   Big, fiery blades are also staple armaments of hydra-hunters.
   Will:      It increases your willpower.
Missiles
 y - 5 javelins
 B - 2 throwing nets
Armour
 b - a +0 robe
 e - a +0 troll leather armour (worn) {Pargi}
 m - a +2 helmet
 E - the +27 Lear's hauberk
   (You found it on level 6 of the Dungeon)
 L - a +0 helmet of intelligence (worn)
 P - a +0 pair of boots (worn)
Jewellery
 c - a +6 ring of strength (right hand)
 n - a +6 ring of intelligence (left hand)
 J - an amulet of magic regeneration (around neck)
 O - a ring of resist corrosion
Wands
 l - a wand of digging (12)
 C - a wand of paralysis (10)
 F - a wand of iceblast (32)
 G - a wand of flame (28)
 M - a wand of acid (6)
 N - a wand of polymorph (6)
Scrolls
 a - 7 scrolls of teleportation
 p - 2 scrolls of identify
 q - 5 scrolls of noise
 t - 3 scrolls of fog
 v - 3 scrolls of fear
 w - a scroll of magic mapping
 D - 2 scrolls of amnesia
 S - a scroll of blinking
 T - a scroll of silence
Potions
 d - a potion of resistance {unknown}
 f - 5 potions of might
 g - 4 potions of flight
 h - 6 potions of curing
 j - 4 potions of lignification
 k - 5 potions of attraction
 o - 2 potions of invisibility
 r - 4 potions of haste
 s - a potion of brilliance
 u - 2 potions of heal wounds
 z - 3 potions of degeneration {unknown}
 H - 2 potions of magic {unknown}
 Q - a potion of cancellation {unknown}
 R - a potion of mutation {unknown}
Miscellaneous
 I - a phantom mirror
 K - a lightning rod (4/4)


   Skills:
 + Level 3.7 Fighting
 + Level 3.2 Long Blades
 + Level 6.8 Armour
 - Level 1.5 Dodging
 - Level 2.1 Stealth
 + Level 13.0 Spellcasting
 * Level 14.4 Conjurations
 + Level 1.3 Hexes
 + Level 1.3 Transmutations
 + Level 1.0 Fire Magic
 + Level 0.4 Air Magic
 + Level 15.5 Earth Magic
 + Level 3.1 Evocations


You had 15 spell levels left.
You knew the following spells:

 Your Spells              Type           Power      Damage    Failure   Level
a - Sandblast             Erth           100%       2d20      0%          1
b - Stone Arrow           Conj/Erth      100%       3d13      0%          3
c - Swiftness             Air            22%        N/A       8%          3
d - Fulminant Prism       Conj/Hex       30%        3d16      1%          4
e - Lee's Rapid Deconstr  Erth           42%        3d22*     1%          5
f - Flame Wave            Conj/Fire      60%        3d11      1%          4
g - Petrify               Tmut/Erth      63%        N/A       1%          4

Your spell library contained the following spells:

 Spells                   Type           Power      Damage    Failure   Level
 Magic Dart               Conj           100%       1d8       0%          1
 Shock                    Conj/Air       100%       1d9       1%          1
 Passwall                 Tmut/Erth      52%        N/A       1%          2
 Poisonous Vapours        Pois/Air       40%        N/A       1%          2
 Static Discharge         Conj/Air       59%        N/A       1%          2
 Mephitic Cloud           Conj/Pois/Air  49%        N/A       1%          3
 Iskenderun's Mystic Bla  Conj/Tloc      58%        2d12      1%          4
 Sticky Flame             Conj/Fire      60%        2d8       1%          4
 Sting                    Tmut/Pois      92%        1d7       2%          1
 Animate Skeleton         Necr           38%        N/A       3%          1
 Apportation              Tloc           38%        N/A       3%          1
 Summon Small Mammal      Summ           76%        N/A       3%          1
 Call Imp                 Summ           19%        N/A       4%          2
 Airstrike                Air            11%        N/A       7%          4
 Olgreb's Toxic Radiance  Pois           19%        N/A       8%          4
 Ozocubu's Armour         Ice            19%        N/A       9%          3
 Dispel Undead            Necr           19%        3d11      28%         4
 Summon Ice Beast         Ice/Summ       19%        N/A       28%         4
 Summon Mana Viper        Hex/Summ       23%        N/A       54%         5
 Eringya's Noxious Bog    Tmut/Pois      11%        N/A       63%         6
 Ozocubu's Refrigeration  Ice            9%         4d6       99%         7
 Dragon Form              Tmut           13%        N/A       100%        7
 Monstrous Menagerie      Summ           9%         N/A       100%        7
 Statue Form              Tmut/Erth      Unusable   N/A       N/A         6

Dungeon Overview and Level Annotations

Branches:
Dungeon (11/15)            Temple (1/1) D:6            Lair (6/6) D:8
  Swamp (0/4) Lair:4       Spider (0/4) Lair:2        Slime (0/5) Lair:6
  Sewer (visited)
    Orc: D:9-12

Altars:
Ashenzari
Cheibriados
Dithmenos
Elyvilon
Fedhas
Gozag
Hepliaklqana
Kikubaaqudgha
Makhleb
Nemelex Xobeh
Okawaru
Ru
Sif Muna
Trog
Uskayaw
Vehumet
Wu Jian
Xom
Yredelemnul
Zin
The Shining One

Shops:
D:7 *

Portals:
Trove: D:11 (show slimy rune of Zot)

Annotations:
D:4 2 runed translucent doors, cheechan's ghost, novice OpHu


Innate Abilities, Weirdness & Mutations

You are immune to sickness and miasma.
Your stone body is resilient. (AC +10)
You are immune to poison.
Your large and strong wings let you fly.
You resist negative energy. (rN+)
You are resistant to electric shocks. (rElec)
You are resistant to unholy torment.
You are immune to petrification.


Message History

The stone arrow hits the wyvern!
You kill the wyvern!
Vehumet accepts your kill.
You feel your power returning.
Unknown command.
Casting: Stone Arrow (safe; 0% risk of failure)
Confirm with . or Enter, or press ? or * to list all spells.
Aiming: Stone Arrow (safe; 0% risk of failure)
Press: ? - help, Shift-Dir - straight line, f - yak
Aim: a yak (87% to hit)
The stone arrow hits the yak!
The yak is moderately wounded.
The yak gores you!
Unknown command.
Casting: Stone Arrow (safe; 0% risk of failure)
Confirm with . or Enter, or press ? or * to list all spells.
You don't have any stones to cast with.
Casting: Sandblast (safe; 0% risk of failure)
Confirm with . or Enter, or press ? or * to list all spells.
Aiming: Stone Arrow (safe; 0% risk of failure)
Press: ? - help, Shift-Dir - straight line, f/p - yak
Aim: a yak (moderately wounded, 87% to hit)
The stone arrow hits the yak!!
The yak is almost dead.
You start to feel a little faster.
The rime drake breathes ice at you. The flash freeze misses you.
The yak gores you!
Unknown command.
Casting: Stone Arrow (safe; 0% risk of failure)
Confirm with . or Enter, or press ? or * to list all spells.
Aiming: Stone Arrow (safe; 0% risk of failure)
Press: ? - help, Shift-Dir - straight line, f/p - yak
Aim: a yak (almost dead, 87% to hit)
The stone arrow hits the yak!!
You kill the yak!
Vehumet accepts your kill.
You feel your power returning. The rime drake breathes ice at you.
The flash freeze hits you!!
You die...

**,,,,,≈≈≈≈≈≈≈......Y.....###..
*,,,,,,.≈≈≈≈≈.......####### ###
**,,,,,...........###***** ***
*,,,,,......÷....#**,,,,****,*
*,,,,,..........##*,,,,,,**,,,
*,,,,,.........##*,,,,,,***,,,
**,,,,........##*,,,,,,,**,,,,
*,,,,......k†#*,,*,,,,,**,,,,
*,,,,.......@#**,,,********,,
**,,,,........#*,,*,,,*,,,*,,,
*,,,,,........#**,,,,,*,,,*,,,
**,,,,........##*,,,,,*,,,,,,,
**,,,,.........#,,,,,,*,***,,,
*,,,,,.........#****,,,,,,,,,,
**,,,,..........#****,,,,,,,*,
*,,,,,............#****,,,****
**,,,,.............# ####*###


You could see a rime drake (catching breath).

Vanquished Creatures
  The ghost of Ramman the Basher, a journeyman MiBe of Trog (Lair:3)
  Erolcha (D:10)
  A catoblepas (Lair:5)
  3 hydras
  A two-headed ogre (D:10)
  Nergalle (Lair:1)
  6 spriggans (Lair:3)
  A bog body (Lair:4)
  Pikel (D:7)
  An ugly thing (D:11)
  A cyclops (D:9)
  3 black mambas
  22 elephants
  2 moths of wrath
  10 cane toads
  A torpor snail (D:8)
  Maggie (D:9)
  5 komodo dragons
  8 rime drakes
  5 trolls
  2 polar bears
  7 jumping spiders (Lair:2)
  2 hornets (Lair:3)
  8 blink frogs
  12 dream sheep
  A meliai zombie (D:11)
  2 vampires
  3 redbacks (Lair:2)
  13 wyverns
  A shadow (D:9)
  6 basilisks
  38 yaks
  A steam dragon (D:9)
  A swamp worm (Lair:6)
  19 water moccasins
  4 orc warriors
  A sky beast (D:5)
  Pargi (Sewer)
  A black bear (D:7)
  2 hornet zombies
  3 ice beasts
  4 necrophages
  An ogre (D:5)
  2 centaurs
  6 wolves
  A lemure (D:7)
  A phantom (D:5)
  2 kobold brigands
  11 bullfrogs
  2 scorpions
  A water moccasin zombie (D:7)
  A water moccasin skeleton (D:4)
  10 killer bees
  2 howler monkeys
  7 wights (D:8)
  An electric eel (Lair:5)
  A crimson imp (D:8)
  4 centaur zombies
  4 jellies
  7 hounds
  4 orc priests
  4 bullfrog skeletons
  4 centaur skeletons
  7 orc wizards
  8 hell rats
  A killer bee zombie (D:6)
  A hound skeleton (D:4)
  10 adders
  10 gnolls
  2 river rats (D:4)
  2 white imps
  4 worms (D:4)
  3 dart slugs (D:1)
  29 orcs
  4 endoplasms
  2 giant cockroaches (D:3)
  14 goblins
  4 hobgoblins
  3 jackals (D:4)
  4 quokkas
  6 ball pythons
  2 bats (D:3)
  8 frilled lizards
  16 kobolds
  5 rats
  A fulminant prism (Lair:4)
429 creatures vanquished.

Vanquished Creatures (others)
  A wyvern (Lair:5)
  2 bushes (D:8)
  31 fulminant prisms
  40 fungi
  125 plants
199 creatures vanquished.

Grand Total: 628 creatures vanquished

Notes
Turn   | Place    | Note
-------+----------+-------------------------------------------
     0 | D:1      | ders the Gargoyle Earth Elementalist began the quest for
                  | the Orb.
     0 | D:1      | Reached XP level 1. HP: 10/10 MP: 3/3
   225 | D:1      | Reached XP level 2. HP: 13/15 MP: 1/5
   285 | D:1      | Reached skill level 1 in Conjurations
   491 | D:1      | Reached skill level 4 in Earth Magic
   762 | D:1      | Found a faded altar of an unknown god.
  1715 | D:2      | Reached XP level 3. HP: 19/19 MP: 4/6
  1719 | D:2      | Learned a level 3 spell: Stone Arrow
  2712 | D:3      | Learned a level 3 spell: Swiftness
  2791 | D:3      | Reached XP level 4. HP: 24/24 MP: 6/8
  3413 | D:4      | Found a broken altar of Ashenzari.
  3417 | D:4      | Saw a vision of the Swamp and the Spider Nest.
  3417 | D:4      | Noticed a goliath frog
  3417 | D:4      | Noticed a vampire mosquito
  3417 | D:4      | Noticed a vampire mosquito
  3417 | D:4      | Noticed a swamp drake
  3417 | D:4      | Noticed a vampire mosquito
  3417 | D:4      | Noticed a vampire mosquito
  3417 | D:4      | Noticed a vampire mosquito
  3417 | D:4      | Noticed a scorpion
  3417 | D:4      | Noticed a redback
  3417 | D:4      | Noticed a redback
  3417 | D:4      | Noticed a vampire mosquito
  3454 | D:4      | Reached XP level 5. HP: 10/28 MP: 1/9
  3462 | D:4      | Reached skill level 5 in Earth Magic
  3486 | D:4      | Found a glowing drain.
  3493 | Sewer    | Entered a sewer
  3902 | Sewer    | Noticed Pargi
  3905 | Sewer    | Killed Pargi
  3906 | Sewer    | Reached XP level 6. HP: 32/32 MP: 3/11
  4480 | D:4      | Noticed a redback
  4799 | D:4      | Noticed a necrophage
  4804 | D:4      | Killed a necrophage
  4805 | D:4      | Reached skill level 6 in Earth Magic
  4805 | D:4      | Reached XP level 7. HP: 34/36 MP: 1/13
  5237 | D:4      | Found a large runed translucent door.
  5237 | D:4      | Found a large runed translucent door.
  5239 | D:4      | Noticed cheechan's ghost (novice OpHu)
  5689 | D:5      | Entered Level 5 of the Dungeon
  5784 | D:5      | Reached skill level 5 in Conjurations
  5925 | D:5      | Reached skill level 5 in Spellcasting
  5925 | D:5      | Reached skill level 7 in Earth Magic
  5925 | D:5      | Reached XP level 8. HP: 41/41 MP: 1/15
  6087 | D:5      | Identified the +2 long sword of the Dozen Things {flame,
                  | Will+}
  6099 | D:5      | Found a sparkling altar of Nemelex Xobeh.
  7222 | D:5      | Reached skill level 8 in Earth Magic
  7556 | D:6      | Found a staircase to the Ecumenical Temple.
  7603 | Temple   | Entered the Ecumenical Temple
  7918 | Temple   | Became a worshipper of Vehumet
  8166 | D:6      | Noticed a troll
  8174 | D:6      | Killed a troll
  8175 | D:6      | Reached XP level 9. HP: 45/45 MP: 5/18
  8258 | D:6      | Found the +27 Lear's hauberk
  8471 | D:6      | Reached skill level 1 in Armour
  8601 | D:6      | Reached skill level 1 in Evocations
  8942 | D:6      | Reached skill level 9 in Earth Magic
  9159 | D:7      | Reached * piety under Vehumet
  9159 | D:7      | Offered knowledge of Foxfire by Vehumet.
  9217 | D:7      | Noticed Pikel
  9224 | D:7      | Killed Pikel
  9327 | D:7      | Reached XP level 10. HP: 50/50 MP: 16/20
  9436 | D:7      | Reached skill level 5 in Armour
  9514 | D:7      | Found Kynen's Overcharged Wands.
  9795 | D:7      | Got Vyjug's Guide on Poisonous Transformation
 10627 | D:8      | Reached skill level 1 in Long Blades
 10645 | D:8      | Reached skill level 10 in Earth Magic
 10778 | D:8      | Found a staircase to the Lair.
 10918 | D:8      | Reached skill level 1 in Fighting
 11024 | D:8      | Offered knowledge of Magic Dart by Vehumet.
 11037 | D:8      | Reached ** piety under Vehumet
 11145 | D:8      | You fall into a shaft and drop 3 floors!
 11145 | D:11     | Noticed a two-headed ogre
 11177 | D:11     | Reached XP level 11. HP: 35/56 MP: 12/23
 11452 | D:11     | Found a portal to a secret trove of treasure.
 11508 | D:11     | Noticed a red ugly thing
 11515 | D:11     | Killed a brown ugly thing
 11516 | D:11     | Reached skill level 11 in Earth Magic
 11731 | D:10     | Entered Level 10 of the Dungeon
 11731 | D:10     | Noticed Erolcha
 11743 | D:10     | Killed Erolcha
 12797 | D:8      | Learned a level 4 spell: Fulminant Prism
 12803 | D:8      | Learned a level 5 spell: Lee's Rapid Deconstruction
 13095 | D:9      | Reached skill level 10 in Conjurations
 13161 | D:9      | Noticed a cyclops
 13165 | D:9      | Killed a cyclops
 13165 | D:9      | Offered knowledge of Dazzling Flash by Vehumet.
 13231 | D:9      | Noticed Maggie
 13245 | D:9      | Killed Maggie
 13483 | D:10     | Found an ornate altar of the Wu Jian Council.
 13519 | D:10     | Noticed a two-headed ogre
 13525 | D:10     | Killed a two-headed ogre
 13653 | Lair:1   | Entered Level 1 of the Lair of Beasts
 13659 | Lair:1   | Noticed Nergalle
 13789 | Lair:1   | Killed Nergalle
 13799 | D:8      | Reached *** piety under Vehumet
 13833 | D:8      | Reached skill level 12 in Earth Magic
 13833 | D:8      | Reached XP level 12. HP: 41/64 MP: 19/25
 14743 | Lair:2   | Offered knowledge of Hailstorm by Vehumet.
 14786 | Lair:2   | Found a hole to the Spider Nest.
 14816 | Lair:2   | Reached skill level 10 in Spellcasting
 15382 | Lair:2   | Reached skill level 13 in Earth Magic
 16110 | Lair:3   | Reached **** piety under Vehumet
 16414 | Lair:3   | Found a transporter.
 16417 | Lair:3   | Found a bloodstained altar of Trog.
 16429 | Lair:3   | Noticed Ramman's ghost (journeyman MiBe)
 16549 | Lair:3   | Found a transporter.
 16638 | Lair:3   | Reached XP level 13. HP: 68/68 MP: 9/27
 16725 | Lair:3   | Offered knowledge of Lightning Bolt by Vehumet.
 16726 | Lair:3   | Reached skill level 14 in Earth Magic
 17213 | Lair:3   | Killed Ramman's ghost
 17829 | Lair:4   | Reached ***** piety under Vehumet
 17832 | Lair:4   | Offered knowledge of Flame Wave by Vehumet.
 17863 | Lair:4   | Learned a level 4 spell: Flame Wave
 17895 | Lair:4   | Reached skill level 1 in Hexes
 18022 | Lair:4   | Learned a level 4 spell: Petrify
 18099 | Lair:4   | Reached skill level 1 in Transmutations
 18188 | Lair:4   | Found a staircase to the Swamp.
 18807 | Lair:5   | Gained mutation: Your large and strong wings let you fly.
                  | [Gargoyle growth]
 18807 | Lair:5   | Reached XP level 14. HP: 67/74 MP: 16/30
 18991 | Lair:5   | Reached skill level 1 in Fire Magic
 18991 | Lair:5   | Reached skill level 15 in Earth Magic
 19442 | Lair:5   | Identified the +5 scale mail "Othuttug" {rElec Slay+6
                  | Stlth+}
 19898 | Lair:6   | Entered Level 6 of the Lair of Beasts
 20020 | Lair:6   | Found a staircase to the Slime Pits.
 20267 | Lair:6   | Killed from afar by a rime drake

Illustrated notes

Levels and vault maps discovered:
D:1:      eino_arrival_cavern_d, layout_loops_corners,
          shapermc_ecumenical_altar_totnotflames
D:2:      layout_basic, serial_corexii_hall, chequers_hall_statues_corner_a,
          corexii_hall_statues_s, corexii_hall_statues_x,
          corexii_hall_statues_x, corexii_hall_statues_s, corexii_hall_statues_x
D:3:      layout_basic, chequers_jeans
D:4:      layout_loops_cross, grunt_ashenzari_visionary
          [grunt_ashenzari_visionary_swamp, grunt_ashenzari_visionary_spider],
          lightli_sewer_entry_pipes, ebering_ghost_disaster_area
D:5:      layout_basic, marbit_many_paths, lexackson_kobold_supper
D:6:      kennysheep_six_static_rooms, layout_cave_pools, temple_pool_b,
          grunt_ministairs_3, hellmonk_guarded_unrand_lears
D:7:      layout_loops_corners, mrwooster_statue_mirror, corexii_hall_statues_x,
          nicolae_shop_overcharged_wands, uniq_pikel
D:8:      layout_loops_ring, minmay_lair_entry_grove, minmay_fire_ice_demons
D:9:      wander_river, layout_rooms, uniq_maggie
D:10:     layout_basic, kennysheep_mini, overflow_temple_1_default, minivault_5,
          nicolae_elevator_lobby_asterisk, uniq_erolcha
D:11:     layout_gridville, orc_0_dummy, enter_trove_3
Temple:   dpeg_five_rooms_temple
Lair:1:   layout_regular_city, enter_volcano_4, uniq_nergalle
Lair:2:   layout_gridlike, nicolae_spider_entry_tight_spaces
Lair:3:   layout_concentric_octagons, gammafunk_ghost_wrathful_warriors
Lair:4:   layout_long_grid, skrybe_swamp_entry_bodies, special_room
          [special_room_mythical_zoo]
Lair:5:   layout_gridlike, grunt_megastairs_1
Lair:6:   hangedman_lair_in_review, layout_regular_city, wormcave,
          dpeg_slime_entry_corner, gauntlet_entry_generic, worms_lemuel

Skill      XL: |  1  2  3  4  5  6  7  8  9 10 11 12 13 14 |
---------------+-------------------------------------------+-----
Conjurations   | 1 2 3 4 5 7 9 10 12 13 14 | 14.4
Earth Magic    | 4 5 6 7 8 9 10 12 13 14 15 | 15.5
Spellcasting   | 3 4 5 6 8 9 10 12 13 | 13.0
Armour         | 4 6 |  6.8
Evocations     | 2 3 |  3.1
Long Blades    | 2 3 |  3.2
Fighting       | 1 2 3 |  3.7
Hexes          | 1 |  1.3
Transmutations | 1 |  1.3
Fire Magic     | 1 |  1.0
Dodging        | |  1.5
Stealth        | |  2.1
Air Magic      | |  0.4

Action                   |  1- 3 |  4- 6 |  7- 9 | 10-12 | 13-15 || total
-------------------------+-------+-------+-------+-------+-------++-------
Melee: Unarmed           |     1 |       |       |       |       ||     1
       Short sword       |     3 |    43 |    20 |       |       ||    66
       Long sword        |       |       |    56 |   131 |    13 ||   200
 Cast: Sandblast         |    49 |    46 |    64 |   167 |    88 ||   414
       Stone Arrow       |       |    21 |    58 |   206 |   194 ||   479
       Fulminant Prism   |       |       |       |     9 |    23 ||    32
       Flame Wave        |       |       |       |       |    12 ||    12
       Swiftness         |       |       |       |       |     7 ||     7
       Petrify           |       |       |       |       |     6 ||     6
Evoke: Phantom mirror    |       |       |       |       |     1 ||     1
  Use: Scroll            |       |     3 |       |    18 |     5 ||    26
       Potion            |       |       |       |     1 |     2 ||     3
 Stab: Distracted        |       |       |       |     1 |       ||     1
Armor: Robe              |     8 |     7 |       |       |       ||    15
       Troll leather arm |       |    13 |    44 |   119 |   136 ||   312
       Chain mail        |       |       |    76 |   263 |       ||   339
Dodge: Dodged            |     8 |    21 |    60 |   156 |   133 ||   378

Table legend: (Time is in decaauts)
 A = Elapsed time spent in this place.
 B = Non-inter-level travel time spent in this place.
 C = Inter-level travel time spent in this place.
 D = Time resting spent in this place.
 E = Time spent auto-exploring this place.
 F = Levels seen in this place.
 G = Mean time per level.
                   A        B        C        D        E       F      G
               +--------+--------+--------+--------+--------+-----+--------+
         Total |  20443 |  18930 |   1513 |   5712 |  10235 |  19 | 1075.9 |
       Dungeon |  13004 |  12177 |    827 |   3819 |   6687 |  11 | 1182.2 |
        Temple |    350 |    260 |     90 |      0 |    243 |   1 |  350.0 |
          Lair |   6440 |   5844 |    596 |   1464 |   3181 |   6 | 1073.3 |
         Sewer |    647 |    647 |      0 |    429 |    123 |   1 |  647.0 |
               +--------+--------+--------+--------+--------+-----+--------+

Top non-repeatable levels by time:
     D:8: 2055 daAuts
     D:5: 1863 daAuts
     D:4: 1707 daAuts
  Lair:3: 1466 daAuts
  Lair:2: 1363 daAuts
     D:1: 1287 daAuts
  Lair:4: 1232 daAuts
  Lair:5: 1170 daAuts
     D:6: 1150 daAuts
     D:2: 1146 daAuts
     D:7: 1039 daAuts
     D:3: 968 daAuts
  Lair:1: 903 daAuts
     D:9: 712 daAuts
   Sewer: 647 daAuts
